 Dungeon Crawl Stone Soup version 0.27-a0-650-g8dd3ea4f36 (webtiles) character file.

Game seed: 3959640896837831428

95 tilp the Sneak (level 4, -3/29 HPs)
             Began as an Octopode Transmuter on Mar 15, 2021.
             Slain by an orc
             ... wielding a +0 whip
              (8 damage)
             ... on level 3 of the Dungeon.
             The game lasted 00:04:15 (2966 turns).

tilp the Sneak (Octopode Transmuter)                Turns: 2966, Time: 00:04:16

Health: -3/29      AC:  1    Str:  9    XL:     4   Next: 66%
Magic:  4/7        EV: 13    Int: 16    God:
Gold:   201        SH:  0    Dex: 12    Spells: 4/7 levels left

rFire    . . .     SeeInvis .     - Unarmed
rCold    . . .     Faith    .   (no shield)
rNeg     . . .     Spirit   .   (helmet currently unavailable)
rPois    .         Reflect  .   (no amulet)
rElec    .         Harm     .   (no ring)
rCorr    .         Rampage  .   (no ring)
Will     .....                  (no ring)
Stlth    +++.......             (no ring)
HPRegen  0.09/turn              (no ring)
MPRegen  0.10/turn              (no ring)
                                (no ring)
                                (no ring)

@: appendages (expiring), wereblooded
A: tentacle spike 3, almost no armour, amphibious, 8 rings, camouflage 1,
gelatinous body 1, nimble swimmer 1, tentacles
a: End Transformation


You were on level 3 of the Dungeon.
One of your tentacles had grown a beastly spike.
You visited 1 branch of the dungeon, and saw 4 of its levels.

You collected 201 gold pieces.

Inventory:

Missiles
 e - 64 stones (quivered)
Armour
 m - a +2 buckler
Wands
 o - a wand of paralysis (16)
Scrolls
 f - a scroll of blinking
 g - a scroll of enchant weapon {unknown}
 i - 2 scrolls of identify
 j - a scroll of teleportation {unknown}
Potions
 a - a potion of might {unknown}
 b - 2 potions of resistance
 c - 2 potions of haste {unknown}
 d - a potion of brilliance {unknown}
 h - a potion of attraction {unknown}
 k - a potion of lignification {unknown}
 l - a potion of berserk rage {unknown}
 n - a potion of heal wounds {unknown}


   Skills:
 + Level 1.8 Fighting
 - Level 2.0 Dodging
 - Level 4.0 Stealth
 * Level 0.8 Shields
 * Level 3.8 Unarmed Combat
 - Level 2.0 Spellcasting
 - Level 2.0 Transmutations


You had 4 spell levels left.
You knew the following spells:

 Your Spells              Type           Power      Damage    Failure   Level
a - Beastly Appendage     Tmut           16%        N/A       9%          1
b - Wereblood             Tmut           8%         N/A       14%         2

Your spell library contained the following spells:

 Spells                   Type           Power      Damage    Failure   Level
 Spider Form              Tmut/Pois      2%         N/A       38%         3
 Ice Form                 Ice/Tmut       4%         N/A       80%         4
 Blade Hands              Tmut           4%         N/A       94%         5


Dungeon Overview and Level Annotations

Branches:
Dungeon (4/15)
 Temple: D:4-7

Altars:
Ashenzari
Gozag

Annotations:
D:4 Grinder


Innate Abilities, Weirdness & Mutations

One of your tentacles has grown a beastly spike.
You cannot wear most types of armour.
You are amphibious.
You can wear up to eight rings at the same time.
Your skin changes colour to match your surroundings (Stealth+).
Your rubbery body absorbs attacks. (AC +1, EV +1)
You are stealthy while swimming. (Stealth+)
You have tentacles for arms and can constrict up to eight enemies at once.


Message History

a wand of acid (8); a dart slug corpse
Casting: Wereblood (safe; 14% risk of failure)
Confirm with . or Enter, or press ? or * to list all spells.
One of your tentacles grows a vicious spike.
Casting: Beastly Appendage (safe; 9% risk of failure)
Confirm with . or Enter, or press ? or * to list all spells.
Your blood is infused with primal strength.
The orc closely misses you.
You barely miss the orc. Your grab misses the orc.
The orc hits you with a +0 whip! The orc hits you with a +0 hand axe.
You tentacle-slap the orc but do no damage.
You grab the orc. You constrict the orc. The orc closely misses you.
The orc completely misses you.
You barely miss the orc.
The orc is lightly wounded.
You constrict the orc, but do no damage.
The orc completely misses you. The orc closely misses you.
You tentacle-slap the orc but do no damage.
You pierce the orc, but do no damage.
The orc is lightly wounded.
Your transformation is almost over.
You constrict the orc, but do no damage.
The orc misses you. The orc barely misses you.
You tentacle-slap the orc.
The orc is heavily wounded.
You constrict the orc. The orc hits you with a +0 whip.
The orc closely misses you.
You tentacle-slap the orc but do no damage.
You squeeze the orc, but do no damage.
The orc is severely wounded.
You constrict the orc, but do no damage.
You tentacle-slap the orc.
The orc is almost dead.
You constrict the orc, but do no damage.
The orc hits you with a +0 whip. The orc hits you with a +0 hand axe!
* * * LOW HITPOINT WARNING * * *
You tentacle-slap the orc.
You kill the orc!
The orc hits you with a +0 whip!
You die...

#######.#
#.......##...#
#.########.#.#
#.#... ....
#.#... #..###
#.#..#.###..<.
#.#..#......#
#.#..####...#
#.#..o@.[..)####
#.##.#).....)..#
#.##.#.#....##.#
#.##.#......##.#
#.##.........#.#
#.############.#
#..............#
################


You could see an orc.

Vanquished Creatures
  Jessica (D:2)
  An adder (D:3)
  An ooze (D:1)
  A worm (D:2)
  2 dart slugs
  7 orcs
  4 giant cockroaches
  4 goblins
  5 hobgoblins
  4 jackals (D:1)
  2 kobolds (D:1)
  4 bats
  2 frilled lizards
  5 rats
43 creatures vanquished.

Notes
Turn   | Place    | Note
-------+----------+-------------------------------------------
     0 | D:1      | tilp the Octopode Transmuter began the quest for the Orb.
     0 | D:1      | Reached XP level 1. HP: 13/13 MP: 3/3
    91 | D:1      | Reached skill level 1 in Stealth
   302 | D:1      | Reached skill level 2 in Stealth
   307 | D:1      | Reached XP level 2. HP: 12/18 MP: 5/5
   341 | D:1      | Learned a level 2 spell: Wereblood
   502 | D:1      | Reached skill level 3 in Stealth
   768 | D:1      | Reached XP level 3. HP: 23/23 MP: 6/6
  1065 | D:1      | Reached skill level 4 in Stealth
  1502 | D:2      | Found a faded altar of an unknown god.
  1997 | D:2      | Noticed Jessica
  2011 | D:2      | Killed Jessica
  2012 | D:2      | Reached XP level 4. HP: 14/28 MP: 5/7
  2347 | D:2      | You fall into a shaft and drop 2 floors!
  2347 | D:4      | Found a broken altar of Ashenzari.
  2348 | D:4      | Noticed an ogre
  2353 | D:4      | Noticed Grinder
  2358 | D:4      | Found an opulent altar of Gozag.
  2966 | D:3      | Slain by an orc

Illustrated notes

Levels and vault maps discovered:
D:1:      minmay_arrival_three_doors, layout_basic, minmay_misc_feat_plants,
          grunt_decor_fettered, serial_bayou_lagoon_b
D:2:      layout_basic, chequers_ecumenical_altar_simple,
          kennysheep_generic_room_10, uniq_jessica, uniq_crazy_yiuf_cottage,
          uniq_sigmund
D:3:      kennysheep_slugbush, layout_basic
D:4:      kennysheep_goblin_castle, layout_loops_corners,
          cheibrodos_ashenzari_chains, nicolae_gozag_seed_capital,
          minmay_curled_crystal, wad_floor_pattern_untrapped, uniq_grinder

Skill      XL: |  1  2  3 |
---------------+----------+-----
Stealth        | 2 3 4 |  4.0
Fighting       | |  1.8
Dodging        | |  2.0
Shields        | |  0.8
Unarmed Combat | |  3.8
Spellcasting   | |  2.0
Transmutations | |  2.0

Action                   |  1- 3 |  4- 6 || total
-------------------------+-------+-------++-------
Melee: Unarmed           |    82 |    30 ||   112
       Constrict         |    18 |    11 ||    29
       Tentacles         |    14 |     3 ||    17
       Kick              |     8 |     5 ||    13
       Punch             |     1 |     1 ||     2
Throw: Stone             |       |     2 ||     2
 Cast: Beastly Appendage |     6 |     3 ||     9
       Wereblood         |     3 |     3 ||     6
  Use: Scroll            |     2 |     1 ||     3
 Stab: Sleeping          |     8 |     2 ||    10
       Distracted        |     1 |       ||     1
Armor: Skin              |     4 |     1 ||     5
Dodge: Dodged            |    47 |    16 ||    63
Block: Buckler           |       |     1 ||     1

Table legend: (Time is in decaauts)
 A = Elapsed time spent in this place.
 B = Non-inter-level travel time spent in this place.
 C = Inter-level travel time spent in this place.
 D = Time resting spent in this place.
 E = Time spent auto-exploring this place.
 F = Levels seen in this place.
 G = Mean time per level.
                   A        B        C        D        E       F      G
               +--------+--------+--------+--------+--------+-----+--------+
         Total |   2959 |   2938 |     21 |    609 |   1721 |   4 |  739.8 |
       Dungeon |   2959 |   2938 |     21 |    609 |   1721 |   4 |  739.8 |
               +--------+--------+--------+--------+--------+-----+--------+

Top non-repeatable levels by time:
     D:1: 1179 daAuts
     D:2: 1162 daAuts
     D:3: 331 daAuts
     D:4: 285 daAuts
